 Dungeon Crawl Stone Soup version 0.22.0-40-g68aacdc (webtiles) character file.

354 poirepourri the Chopper (level 6, -2/55 HPs)
             Began as a Deep Dwarf Fighter on Sept 2, 2018.
             Slain by an ogre
             ... wielding a +0 giant club
              (24 damage)
             ... on level 4 of the Dungeon.
             The game lasted 00:02:24 (1911 turns).

poirepourri the Chopper (Deep Dwarf Fighter)        Turns: 1911, Time: 00:02:25

Health: -2/55      AC:  6    Str: 20    XL:     6   Next: 35%
Magic:  4/4        EV:  7    Int:  8    God:
Gold:   103        SH: 10    Dex: 14    Spells: 5/5 levels left

rFire    . . .     SeeInvis .   a - +1 war axe
rCold    . . .     Gourm    .   c - +1 shield
rNeg     . . .     Faith    .   b - +0 scale mail
rPois    .         Spirit   .   (no helmet)
rElec    .         Reflect  .   (no cloak)
rCorr    .         Harm     .   (no gloves)
MR       .....                  (no boots)
Stlth    ..........             (no amulet)
HPRegen  0.00/turn              p - ring of flight
MPRegen  0.09/turn              (no ring)

@: non-regenerating
A: damage resistance, heal wounds, sense surroundings 1, no regeneration
a: Heal Wounds, Evoke Flight


You were on level 4 of the Dungeon.
You were not hungry.

You visited 1 branch of the dungeon, and saw 4 of its levels.

You collected 103 gold pieces.

Inventory:

Hand Weapons
 a - a +1 war axe (weapon)
Missiles
 i - 4 tomahawks (quivered)
Armour
 b - a +0 scale mail (worn)
 c - a +1 shield (worn)
Jewellery
 p - a ring of flight (left hand)
Wands
 l - a wand of digging (8)
Scrolls
 e - a scroll of identify
 o - a scroll of remove curse
Potions
 d - 2 potions of might
 g - 3 potions of curing
 j - 2 potions of haste
 k - 2 potions of agility
 m - a potion of mutation
 s - a potion of cancellation
Comestibles
 f - 8 rations


   Skills:
 - Level 2.6 Fighting
 + Level 7.5 Axes
 - Level 3.2 Armour
 - Level 3.2 Shields


You had 5 spell levels left.
You didn't know any spells.
Your spell library was empty.

Dungeon Overview and Level Annotations

Branches:
Dungeon (4/15)
 Temple: D:4-7

Altars:
Elyvilon
Hepliaklqana
Kikubaaqudgha
Ru
Uskayaw
Zin
The Shining One


Innate Abilities, Weirdness & Mutations

You are resistant to damage.
You can heal yourself by infusing magical energy.
You passively map a small area around you.
You do not regenerate.


Message History

You are too injured to fight recklessly!
You are too injured to fight recklessly!
You are too injured to fight recklessly!
You are too injured to fight recklessly!
You are too injured to fight recklessly!
You are too injured to fight recklessly!
You are too injured to fight recklessly!
You are too injured to fight recklessly!
You are too injured to fight recklessly!
You are too injured to fight recklessly!
You are too injured to fight recklessly!
You are too injured to fight recklessly!
You are too injured to fight recklessly!
You slash the ogre!
The ogre is severely wounded.
The ogre hits you with a giant club.
You hit the ogre.
The ogre is severely wounded.
The ogre hits you with a giant club!!
You die...

*,**....,,,*, *,***..#**,*,
######## *,***..#**,*,
**###......# *,,.....,...,
*****,.........# ***#.#.#*#.#*
****,,,,,#.#.#.#..# #.#.# #.#
,,,*,**,,......!..# #.#.# #.#
**,*,**,,#.#W#$#..# #.#.###.#
**,*<**,,.....%O@.######.#..##.#
,,,*,***,#.#.#.#...##....#.#.#.#
****,**,,........#.##.###.###..##
,,,*,,,,,#.#.#.#.#.......## ##†..
**,*,***,........#.##.###.###.##.
**,*,* **#.#.#.....##.# ##.#.###.
,,,,,* #...########.# ##.## #.
**,*,* *..,,* #.# #.# #.
**,*,*****,,,,* #.# #.# #.


You could see a phantom and an ogre.

Vanquished Creatures
  An ogre (D:4)
  A scorpion (D:4)
  A hound (D:4)
  Terence (D:3)
  Natasha (D:4)
  A worker ant (D:4)
  A mummy (D:4)
  4 adders
  An ooze (D:3)
  A dart slug (D:1)
  4 leopard geckos
  5 orcs (D:2)
  A giant cockroach (D:3)
  4 goblins
  4 hobgoblins
  10 jackals
  4 kobolds
  9 bats
  A frilled lizard (D:3)
  A hobgoblin zombie (D:4)
  A kobold zombie (D:4)
  2 orc zombies (D:4)
  6 rats
65 creatures vanquished.

Notes
Turn   | Place    | Note
-------+----------+-------------------------------------------
     0 | D:1      | poirepourri the Deep Dwarf Fighter began the quest for the Orb.
     0 | D:1      | Reached XP level 1. HP: 20/20 MP: 1/1
    29 | D:1      | Reached skill level 3 in Axes
    29 | D:1      | Reached XP level 2. HP: 27/27 MP: 2/2
   547 | D:1      | Reached XP level 3. HP: 31/33 MP: 3/3
   641 | D:2      | Reached skill level 4 in Axes
   684 | D:2      | Found an ancient bone altar of Kikubaaqudgha.
   684 | D:2      | Found a sacrificial altar of Ru.
   687 | D:2      | Found a hazy altar of Hepliaklqana.
  1238 | D:3      | Reached XP level 4. HP: 32/40 MP: 4/4
  1296 | D:3      | Reached skill level 5 in Axes
  1461 | D:3      | Found a hide-covered altar of Uskayaw.
  1544 | D:3      | Found a faded altar of an unknown god.
  1594 | D:3      | Noticed Terence
  1602 | D:3      | Killed Terence
  1681 | D:3      | Found a glowing silver altar of Zin.
  1681 | D:3      | Found a glowing golden altar of the Shining One.
  1682 | D:3      | Found a white marble altar of Elyvilon.
  1778 | D:4      | Noticed Natasha
  1780 | D:4      | Reached XP level 5. HP: 46/46 MP: 5/5
  1785 | D:4      | Killed Natasha
  1785 | D:4      | Reached skill level 6 in Axes
  1860 | D:4      | Reached skill level 7 in Axes
  1860 | D:4      | Reached XP level 6. HP: 50/55 MP: 6/6
  1911 | D:4      | Slain by an ogre

Skill      XL: |  1  2  3  4  5 |
---------------+----------------+-----
Axes           | 3 4 5 7 |  7.5
Fighting       | |  2.6
Armour         | |  3.2
Shields        | |  3.2

Action                   |  1- 3 |  4- 6 || total
-------------------------+-------+-------++-------
Melee: War axe           |   117 |    76 ||   193
 Abil: Heal Wounds       |       |     6 ||     6
  Use: Scroll            |     7 |     7 ||    14
       Potion            |       |     1 ||     1
  Eat: Ration            |     1 |       ||     1
Armor: Scale mail        |    60 |    21 ||    81
Dodge: Dodged            |    36 |    30 ||    66
Block: Shield            |    69 |    41 ||   110
